 Dungeon Crawl Stone Soup version 0.28.0-53-g5a82cb258f (webtiles) character file.

Game seed: 18087715945425197278

14991 issech the Protected (level 11, -17/89 HPs)
             Began as a Minotaur Monk on May 22, 2022.
             Was a High Priest of Hepliaklqana.
             Demolished by a white ugly thing (39 damage)
             ... on level 13 of the Dungeon.
             The game lasted 01:00:11 (15422 turns).

issech the Protected (Minotaur Monk)               Turns: 15422, Time: 01:00:12

Health: -17/89     AC: 27    Str: 24    XL:     11   Next: 96%
Magic:  9/10       EV:  9    Int:  7    God:    Hepliaklqana [*****.]
Gold:   518        SH:  0    Dex: 16    Spells: 10/10 levels left

rFire   + . .      SeeInvis .   L - +8 mace of Joqyr {freeze, rCorr}
rCold   x . .      Faith    .   (no shield)
rNeg    . . .      Spirit   .   Y - +3 plate armour {Will+}
rPois   .          Reflect  .   C - +1 hat
rElec   .          Harm     .   P - +2 cloak
rCorr   +          Rampage  .   (no gloves)
Will    +....                   (no boots)
Stlth   ..........              (no amulet)
HPRegen 0.24/turn               y - ring "Ham Venoar" {Fire Str+7}
MPRegen 0.12/turn               b - +4 ring of protection

@: no status effects
A: reduced essence, horns 2, retaliatory headbutt
a: Renounce Religion, Recall Ancestor, Ancestor Identity, Transference, Idealise


You were on level 13 of the Dungeon.
You worshipped Hepliaklqana.
Hepliaklqana was extremely pleased with you.
You visited 2 branches of the dungeon, and saw 13 of its levels.

You collected 542 gold pieces.
You spent 24 gold pieces at shops.

Inventory:

Hand Weapons
 h - a +1 war axe of venom
 o - a +4 falchion
 A - a +2 hand axe of draining
 K - a +0 battleaxe of electrocution
 L - the +8 mace of Joqyr (weapon) {freeze, rCorr}
   (You found it on level 8 of the Dungeon)

   It freezes those it strikes, dealing additional cold damage.
   It can also slow down cold-blooded creatures.
   rCorr:     It protects you from acid and corrosion.
 M - a +0 shortbow
 Q - a +2 spear of freezing
 R - a +2 halberd of draining
 T - a +2 spear of flaming
 V - a +1 vorpal hunting sling
Missiles
 c - 70 arrows
 f - 15 poisoned darts
 i - 293 stones
 p - 3 throwing nets
 s - 118 bolts
 B - a curare-tipped dart
 G - 149 sling bullets
 X - a boomerang (quivered)
Armour
 a - a scarf of repulsion
 g - the +1 ring mail of the Constellations {-Tele Rampage rC+}
   (You found it on level 5 of the Dungeon)

   rC:        It protects you from cold.
   -Tele:     It prevents most forms of teleportation.
   Rampage:   It bestows one free step when moving towards enemies.
 C - a +1 hat (worn)
 O - a +1 chain mail of positive energy
 P - a +2 cloak (worn)
 Y - a +3 plate armour of willpower (worn)
Magical Staves
 d - a staff of fire
 q - a staff of earth
 W - a staff of conjuration
Jewellery
 b - a +4 ring of protection (right hand)
 t - a +4 ring of evasion
 w - the ring "Onyunt Neykh" {Ice Int+3}
   (You found it on level 10 of the Dungeon)

   [ring of ice]

   It enhances your ice magic.
   Int:       It affects your intelligence (+3).
   rF:        It makes you vulnerable to fire.
   rC:        It protects you from cold.
 y - the ring "Ham Venoar" (left hand) {Fire Str+7}
   (You found it on level 6 of the Dungeon)

   [ring of fire]

   It enhances your fire magic.
   Str:       It affects your strength (+7).
   rF:        It protects you from fire.
   rC:        It makes you vulnerable to cold.
 J - a +6 ring of strength
 U - an amulet of faith
Wands
 j - a wand of flame (26)
 D - a wand of iceblast (3)
 E - a wand of acid (5)
Scrolls
 e - a scroll of summoning
 k - a scroll of fear
 l - 2 scrolls of magic mapping
 n - 4 scrolls of holy word
 z - 2 scrolls of amnesia
 Z - a scroll of teleportation
Potions
 m - 2 potions of invisibility
 r - a potion of cancellation
 u - 6 potions of mutation {unknown}
 v - 5 potions of curing {unknown}
 x - 2 potions of resistance
 F - 3 potions of degeneration {unknown}
 H - a potion of heal wounds
 I - a potion of flight


   Skills:
 + Level 10.1 Fighting
 + Level 10.6(12.8) Axes
 + Level 7.8(10.3) Maces & Flails
 + Level 8.5(10.9) Polearms
 + Level 1.0 Bows
 + Level 3.0 Throwing
 + Level 13.2 Armour
 + Level 4.3 Dodging
 + Level 3.7 Stealth


You had 10 spell levels left.
You didn't know any spells.
Your spell library contained the following spells:

 Spells                   Type           Power      Damage    Failure   Level
 Ensorcelled Hibernation  Hex/Ice        0%         N/A       99%         2
 Gell's Gravitas          Tloc           0%         N/A       100%        3
 Ignite Poison            Fire/Tmut/Pois 0%         N/A       100%        3
 Lesser Beckoning         Tloc           0%         N/A       100%        3
 Mephitic Cloud           Conj/Pois/Air  0%         N/A       100%        3
 Spider Form              Tmut/Pois      0%         N/A       100%        3
 Teleport Other           Tloc           0%         N/A       100%        3
 Airstrike                Air            0%         N/A       100%        4
 Anguish                  Hex/Necr       0%         N/A       100%        4
 Cause Fear               Hex            0%         N/A       100%        4
 Summon Lightning Spire   Summ/Air       0%         N/A       100%        4
 Freezing Cloud           Conj/Ice/Air   0%         6-21      100%        5
 Lightning Bolt           Conj/Air       0%         1d11      100%        5
 Dragon Form              Tmut           0%         N/A       100%        7
 Dragon's Call            Summ           0%         N/A       100%        9


Dungeon Overview and Level Annotations

Branches:
Dungeon (11/15)            Temple (1/1) D:4
   Lair: D:8-11         Orc: D:9-12

Altars:
Ashenzari
Cheibriados
Dithmenos
Elyvilon
Fedhas
Gozag
Hepliaklqana
Kikubaaqudgha
Makhleb
Nemelex Xobeh
Okawaru
Qazlal
Ru
Sif Muna
Trog
Uskayaw
Vehumet
Wu Jian
Xom
Yredelemnul
Zin
The Shining One

Shops:
D:7 *   D:9 *   D:10 :

Portals:
Trove: D:13 (give 11 potions of heal wounds)

Annotations:
D:11 exclusion: 3 oklob plants


Innate Abilities, Weirdness & Mutations

Your life essence is reduced to manifest your ancestor. (-10% HP)
You have a pair of horns on your head.
You reflexively headbutt those who attack you in melee.


Message History

The centaur warrior unwields a +1 shortbow of freezing.
The centaur warrior completely misses you.
You furiously retaliate!
You headbutt the centaur warrior.
The centaur warrior kicks you but does no damage.
You sock the centaur warrior! You freeze the centaur warrior.
The centaur warrior is moderately wounded.
The centaur warrior hits you but does no damage.
The centaur warrior barely misses you.
A deep elf pyromancer comes into view. It is wielding a +0 long sword.
You thump the centaur warrior! You freeze the centaur warrior.
The centaur warrior is heavily wounded.
The centaur warrior hits you.
The centaur warrior kicks you but does no damage.
The deep elf pyromancer mumbles some strange words.
The deep elf pyromancer blinks!
Ayize hits the centaur warrior with a +0 quarterstaff!
The white ugly thing punches you. The white ugly thing freezes you!!!
You feel a terrible chill!
The centaur warrior hits Ayize!
The centaur warrior barely misses Ayize.
You sock the centaur warrior! You freeze the centaur warrior.
You headbutt the centaur warrior.
The centaur warrior is almost dead.
Ayize casts a spell at the centaur warrior.
The puff of frost hits the centaur warrior!
The centaur warrior dies!
Found a scroll of enchant weapon and 24 sling bullets.
Found a portal to a secret trove of treasure.
The white ugly thing punches you but does no damage.
Ayize hits the white ugly thing with a +0 quarterstaff.
Things that are here:
a +1 shortbow of freezing; 22 arrows; a centaur corpse
Found a shiny helmet.
The white ugly thing punches you but does no damage.
The five-headed hydra barely misses Ayize.
The five-headed hydra bites Ayize!
Ayize is destroyed!
The white ugly thing punches you!
* * * LOW HITPOINT WARNING * * *
The white ugly thing freezes you!!!
You feel a terrible chill!
You die...

....##. ......
....# #...#
#####...######
#..........).#
+............+ ..
#......@.....#...
#......u....?...(
#.........e...∩..
######..D)#....[
###....# ....
#.....[# ...
#....(.# .
#..)...# #......#


You could see a five-headed hydra, a white ugly thing and a deep elf pyromancer.

Vanquished Creatures
  Gastronok (D:9)
  Harold (D:8)
  A hydra (D:8)
  A two-headed ogre (D:10)
  The ghost of pkoi the Martial Artist, a novice DgGl (D:6)
  Maggie (D:6)
  2 hornets
  Prince Ribbit (D:8)
  A meliai zombie (D:10)
  A shadow (D:11)
  2 wraiths
  9 yaks
  6 wyverns
  3 vampire mosquitoes (D:11)
  An acid dragon (D:8)
  A water moccasin (D:6)
  An ice beast (D:5)
  3 orc warriors
  2 sky beasts
  A black bear (D:5)
  An ogre (D:7)
  2 centaurs
  A phantom (D:5)
  3 kobold brigands
  5 bullfrogs
  The ghost of WTDorsey the Grasshopper, a weakling TrWr (D:3)
  A hornet simulacrum (D:6)
  A water moccasin skeleton (D:6)
  3 killer bees (D:9)
  2 wights (D:8)
  5 howler monkeys
  3 gnoll shamans
  5 orc priests
  A bullfrog skeleton (D:5)
  5 orc wizards
  An iguana (D:5)
  Terence (D:2)
  8 gnolls
  A howler monkey skeleton (D:7)
  3 adders
  2 shadow imps
  2 white imps (D:6)
  An ufetubus (D:5)
  A worm (D:2)
  4 dart slugs
  22 orcs
  3 endoplasms
  A giant cockroach (D:2)
  3 goblins
  6 hobgoblins
  10 jackals
  13 kobolds
  2 quokkas (D:1)
  6 ball pythons
  5 bats
  4 rats
178 creatures vanquished.

Vanquished Creatures (collateral kills)
  A centaur warrior (D:13)
  Pikel (D:9)
  Maurice (D:9)
  A centaur zombie (D:8)
  A hornet (D:8)
  8 yaks
  A vampire (D:9)
  A steam dragon (D:8)
  A vampire mosquito (D:11)
  2 water moccasins
  An ice beast (D:6)
  An orc warrior (D:8)
  2 sky beasts (D:5)
  A centaur (D:6)
  2 ogres
  3 lemures (D:9)
  A bullfrog (D:8)
  2 scorpions
  A centaur skeleton (D:4)
  A hound (D:5)
  2 bullfrog skeletons
  2 iguanas
  A howler monkey zombie (D:7)
  3 gnolls
  3 adders
  A white imp (D:6)
  7 orcs
  A ball python (D:4)
  5 kobolds
58 creatures vanquished.

Vanquished Creatures (others)
  7 battlemagi
  An orc (D:8)
  5 plants (D:5)
13 creatures vanquished.

Grand Total: 249 creatures vanquished

Notes
Turn   | Place    | Note
-------+----------+-------------------------------------------
     0 | D:1      | issech the Minotaur Monk began the quest for the Orb.
     0 | D:1      | Reached XP level 1. HP: 19/19 MP: 0/0
   319 | D:1      | Reached XP level 2. HP: 27/27 MP: 1/1
   907 | D:2      | Reached XP level 3. HP: 33/33 MP: 2/2
  1299 | D:2      | Noticed Terence
  1309 | D:2      | Killed Terence
  1310 | D:2      | Reached skill level 1 in Armour
  1310 | D:2      | Reached XP level 4. HP: 35/41 MP: 3/3
  1860 | D:3      | Found a transporter.
  1860 | D:3      | Noticed WTDorsey's ghost (weakling TrWr)
  2026 | D:3      | Found a transporter.
  2131 | D:3      | Found a faded altar of an unknown god.
  2509 | D:3      | Killed WTDorsey's ghost
  2510 | D:3      | Reached skill level 5 in Axes
  2510 | D:3      | Reached XP level 5. HP: 30/47 MP: 4/4
  3160 | D:4      | Reached skill level 5 in Fighting
  3189 | D:4      | Found a staircase to the Ecumenical Temple.
  3206 | Temple   | Entered the Ecumenical Temple
  3264 | Temple   | Became a worshipper of Hepliaklqana the Forgotten
  3264 | Temple   | Reached * piety under Hepliaklqana
  3264 | Temple   | Reached ** piety under Hepliaklqana
  3265 | Temple   | Remembered your ancestor Ayize as a battlemage
  3872 | D:4      | Reached skill level 3 in Armour
  3872 | D:4      | Reached XP level 6. HP: 45/50 MP: 5/5
  4334 | D:5      | Entered Level 5 of the Dungeon
  4342 | D:5      | Identified the +1 ring mail of the Constellations {-Tele
                  | Rampage rC+}
  4439 | D:5      | Noticed an orc warrior
  4449 | D:5      | Killed an orc warrior
  4450 | D:5      | Reached skill level 4 in Armour
  4630 | D:5      | Reached XP level 7. HP: 52/54 MP: 6/6
  4862 | D:5      | Reached skill level 5 in Armour
  5162 | D:5      | Reached skill level 6 in Armour
  5297 | D:5      | Reached XP level 8. HP: 60/63 MP: 7/7
  5809 | D:5      | Reached skill level 7 in Armour
  6187 | D:6      | Noticed Maggie
  6497 | D:6      | Killed Maggie
  6612 | D:6      | Reached skill level 10 in Axes
  6612 | D:6      | Reached XP level 9. HP: 70/71 MP: 8/8
  6649 | D:6      | Reached skill level 8 in Armour
  6759 | D:6      | Reached *** piety under Hepliaklqana
  6869 | D:6      | Noticed pkoi's ghost (novice DgGl)
  6881 | D:6      | Found a runed translucent gate.
  6881 | D:6      | Found a runed translucent gate.
  6881 | D:6      | Found a runed translucent gate.
  7602 | D:6      | Reached skill level 1 in Polearms
  7609 | D:6      | Killed pkoi's ghost
  7610 | D:6      | Reached skill level 1 in Bows
  7673 | D:6      | Got the ring "Ham Venoar" {Fire Str+7}
  8283 | D:7      | Found Deibeuh's General Store.
  8293 | D:7      | Bought a scroll of identify for 24 gold pieces
  8356 | D:7      | Reached skill level 5 in Polearms
  8415 | D:7      | Reached skill level 1 in Throwing
  8500 | D:7      | Reached skill level 9 in Armour
  8946 | D:8      | Noticed a seven-headed hydra
  8953 | D:8      | Reached XP level 10. HP: 65/79 MP: 9/9
  9071 | D:8      | Noticed Prince Ribbit
  9073 | D:8      | Killed Prince Ribbit
  9087 | D:8      | Reached **** piety under Hepliaklqana
  9307 | D:8      | Noticed an eight-headed hydra
  9835 | D:8      | Paralysed by a hornet for 1 turns
 10124 | D:8      | Reached skill level 10 in Armour
 10218 | D:9      | Noticed Harold
 10838 | D:7      | HP: 2/81 [12-headed hydra (13)]
 11384 | D:8      | Killed a ten-headed hydra
 11557 | D:8      | Identified the +8 mace of Joqyr {freeze, rCorr}
 11951 | D:9      | Reached skill level 11 in Armour
 11981 | D:8      | Reached skill level 1 in Maces & Flails
 12136 | D:9      | Noticed Maurice
 12139 | D:9      | Paralysed by something for 5 turns
 12274 | D:9      | Killed Maurice
 12275 | D:9      | Reached XP level 11. HP: 85/85 MP: 10/10
 12777 | D:8      | Killed Harold
 12986 | D:9      | Reached skill level 12 in Armour
 13068 | D:9      | Noticed Gastronok
 13069 | D:9      | Found Anymotheig's Assorted Antiques.
 13081 | D:9      | Killed Gastronok
 13176 | D:9      | Noticed Pikel
 13186 | D:9      | Killed Pikel
 13187 | D:9      | Reached skill level 5 in Maces & Flails
 13708 | D:10     | Entered Level 10 of the Dungeon
 13708 | D:10     | Found Xuimi's Book Emporium.
 13725 | D:10     | Noticed a two-headed ogre
 13735 | D:10     | Killed a two-headed ogre
 13962 | D:10     | Identified the ring "Onyunt Neykh" {Ice Int+3}
 14003 | D:10     | Reached ***** piety under Hepliaklqana
 14219 | D:10     | Found a glowing golden altar of the Shining One.
 15104 | D:11     | Reached skill level 13 in Armour
 15173 | D:11     | Reached skill level 10 in Fighting
 15328 | D:11     | Noticed an oklob plant
 15329 | D:11     | Noticed an oklob plant
 15362 | D:11     | Noticed an oklob plant
 15406 | D:11     | You fall into a shaft and drop 2 floors!
 15409 | D:13     | Noticed a five-headed hydra
 15410 | D:13     | Noticed a centaur warrior
 15414 | D:13     | Noticed a white ugly thing
 15416 | D:13     | Noticed a deep elf pyromancer
 15418 | D:13     | Killed a centaur warrior
 15419 | D:13     | Found a portal to a secret trove of treasure.
 15422 | D:13     | Demolished by a white ugly thing

Illustrated notes

Levels and vault maps discovered:
D:1:      dpeg_arrival_concentric_ovals, layout_basic
D:2:      layout_basic, uniq_terence
D:3:      layout_basic, ebering_ecumenical_altar_mist, gammafunk_ghost_arena
D:4:      layout_layer_cave, minmay_temple_entry_purple_smoke, roderic_lattice_a
D:5:      minmay_chambers_of_threes, layout_gridville, serial_bayou,
          serial_bayou_pond_b, serial_bayou_pond_c, serial_bayou_shore_b,
          serial_bayou_lake_a
D:6:      layout_basic, gammafunk_ghost_icy, uniq_maggie
D:7:      layout_basic, serial_shops, nicolae_shop_trees
D:8:      hangedman_cross_stitches, layout_basic, uniq_prince_ribbit1
D:9:      layout_small_grid, serial_shops, shop, uniq_maurice, uniq_pikel,
          uniq_gastronok, uniq_harold
D:10:     layout_gridville, tso_altar, st_stairs_3, nicolae_stop_n_shop_2
D:11:     layout_loops_ring, dpeg_oklobed_lair, nicolae_danse_macabre,
          uniq_fannar
D:13:     layout_basic, erik_vaults_2, ebering_ghost_funeral_grove,
          enter_trove_0, nicolae_shop_gadgets
Temple:   grunt_wide_crystal_templ

Skill      XL: |  1  2  3  4  5  6  7  8  9 10 11 |
---------------+----------------------------------+-----
Axes           | 4 5 6 8 10 | 10.6
Fighting       | 4 5 6 7 8 10 | 10.1
Armour         | 1 3 4 6 7 9 11 13 | 13.2
Dodging        | 4 |  4.3
Stealth        | 2 3 |  3.7
Polearms       | 6 8 |  8.5
Bows           | 1 |  1.0
Throwing       | 1 3 |  3.0
Maces & Flails | 2 7 |  7.8

Action                   |  1- 3 |  4- 6 |  7- 9 | 10-12 || total
-------------------------+-------+-------+-------+-------++-------
Melee: Hand axe          |     7 |       |       |       ||     7
       War axe           |    65 |    66 |       |       ||   131
       Headbutt          |    10 |    18 |    21 |    48 ||    97
       Punch             |       |     1 |       |     1 ||     2
       Battleaxe         |       |     6 |    67 |       ||    73
       Halberd           |       |       |    89 |    54 ||   143
       Mace              |       |       |       |   139 ||   139
 Fire: Shortbow          |       |       |     3 |       ||     3
Throw: Stone             |       |     3 |    11 |     4 ||    18
       Dart              |       |     2 |       |       ||     2
       Boomerang         |       |       |       |    22 ||    22
Invok: Ancestor Life: Ba |       |     1 |       |       ||     1
       Recall Ancestor   |       |       |       |     1 ||     1
  Use: Scroll            |       |     3 |     3 |    15 ||    21
 Stab: Distracted        |       |       |     4 |     2 ||     6
Armor: Ring mail         |    26 |       |       |       ||    26
       Chain mail        |       |    27 |       |       ||    27
       Plate armour      |       |    12 |    93 |   193 ||   298
Dodge: Dodged            |    61 |    30 |    63 |   151 ||   305
       Repelled          |       |       |       |     2 ||     2
